 Dungeon Crawl Stone Soup version 0.31.0-11-ge490571c62 (webtiles) character file.

Game seed: 9487497609268969795

467 qw the Shooter (level 6, -2/30 HPs)
             Began as a Spriggan Hunter on Feb 4, 2024.
             Incinerated by a bombardier beetle (4 damage)
             ... with a burning spray
             ... on level 4 of the Dungeon.
             The game lasted 00:00:13 (3061 turns).

qw the Shooter (Spriggan Hunter)                    Turns: 3061, Time: 00:00:13

Health: -2/30      AC:  7    Str: 10    XL:     6   Next: 81%
Magic:  7/7        EV: 21    Int: 11    God:
Gold:   102        SH:  0    Dex: 20    Spells: 5/5 levels left

rFire   . . .        a - +0 shortbow (freeze)
rCold   . . .        (shield currently unavailable)
rNeg    . . .        l - +0 robe of Eternity {Str+3}
rPois   .            (helmet restricted)
rElec   .            i - +0 cloak
rCorr   +            (gloves unavailable)
SInv    +            (boots unavailable)
Will    +....        (no amulet)
Stlth   +            f - +4 ring of protection
HPRegen 0.25/turn    m - ring of resist corrosion
MPRegen 0.10/turn

%: no passive effects
@: on fire, glowing, very quick
A: very small, no large weapons, unfitting armour, see invisible, speed 3
a: no special abilities


You were on level 4 of the Dungeon.
You visited 1 branch of the dungeon, and saw 5 of its levels.

You collected 162 gold pieces.
You spent 60 gold pieces at shops.


Innate Abilities, Weirdness & Mutations

You are very small and have problems with some larger weapons.
You are too small for most types of armour.
You have supernaturally acute eyesight. (SInv)
You cover ground extremely quickly. (Speed+++)


   Skills:
 - Level 2.2 Fighting
 + Level 6.7 Ranged Weapons
 - Level 6.2 Dodging
 - Level 1.5 Stealth


You had 5 spell levels left.
You didn't know any spells.
Your spell library was empty.

Inventory:

Hand Weapons
 a - a +0 shortbow of freezing (weapon)
Armour
 i - a +0 cloak (worn)
 l - the +0 robe of Eternity (worn) {Str+3}
   (You acquired it on level 4 of the Dungeon)

   Str+3:     It affects your strength (+3).
Jewellery
 f - a +4 ring of protection (left hand)
 m - a ring of resist corrosion (right hand)
Wands
 b - a wand of digging (5)
Potions
 d - a potion of mutation
 e - a potion of berserk rage {unknown}
 g - a potion of enlightenment
 h - a potion of invisibility {unknown}
 j - a potion of heal wounds {unknown}
 k - a potion of might {unknown}

Dungeon Overview and Level Annotations

Branches:
Dungeon (5/15)
 Temple: D:4-7

Altars:

Shops:
D:2 *   D:3 ?

Annotations:
D:4 2 transporters
D:5 Grinder


Message History

You start resting.
HP restored.
You climb downwards.
Level annotation: Grinder Grinder blinks!
There is a stone staircase leading up here.
You shoot an arrow. The arrow hits the gnoll!
The arrow freezes the gnoll.
The gnoll is severely wounded.
You shoot an arrow. The arrow hits the gnoll!
The arrow freezes the gnoll.
You kill the gnoll!
You shoot an arrow. The arrow hits the bombardier beetle.
The arrow freezes the bombardier beetle.
The bombardier beetle is moderately wounded.
You shoot an arrow. The arrow hits the gnoll!
The arrow freezes the gnoll.
The gnoll is almost dead.
Grinder blinks!
You shoot an arrow. The arrow barely misses the gnoll.
The gnoll hits you from afar with a +0 spear.
The bombardier beetle sprays incendiary fluid at you.
The burning spray hits you.
You are covered in liquid fire!
3055 ||| STAIRDANCE The liquid fire burns you!
The gnoll barely misses you.
You shake off some of the fire as you move.
You climb upwards.
Level annotation: 2 transporters The liquid fire burns you!
There is a stone staircase leading down here.
You are on fire!
The liquid fire burns you!
You are on fire!
The liquid fire burns you!
You are on fire!
The liquid fire burns you!
You are on fire!
The liquid fire burns you!
You are on fire!
The liquid fire burns you!
You die...

.# #.#............#
.#########..###.........#
...........## ##.......####
...##......# #..........#
.#.##.####.## ##......###.#####
.#.##.####.)###...............#
.#.............###....#.#%##..#
.#..................###.#%##..###
....#.###.###.#.@..#...%....)..%.
.####..##.# #<.###.#.##.#...))###
## ##.##.# #.## ##..##.###...# #
# #.##.# #.# #..#...##...# #
######.##.# #.#####...........# #
.......##.# ##?..........##.>.# #
######.##.# #.#######..###...###
######.##.####.# #.........#
...............# #.####.#..##


There were no monsters in sight!

Vanquished Creatures
  A scorpion (D:4)
  A howler monkey (D:4)
  An orc priest (D:4)
  2 hounds
  A sleepcap (D:4)
  An iguana (D:4)
  An orc wizard (D:4)
  8 gnolls
  4 adders
  A dart slug (D:3)
  10 orcs
  7 ball pythons
  5 bats
  4 endoplasms
  A giant cockroach (D:3)
  6 goblins
  6 hobgoblins
  10 jackals
  5 quokkas
  3 frilled lizards (D:3)
  4 kobolds
  4 rats
86 creatures vanquished.

Notes
Turn   | Place    | Note
-------+----------+-------------------------------------------
     0 | D:1      | qw the Spriggan Hunter began the quest for the Orb.
     0 | D:1      | Reached XP level 1. HP: 10/10 MP: 2/2
     0 | D:1      | 0 ||| qw: Version: 0.3-a-160-g6735b56
     0 | D:1      | 0 ||| qw: Game counter: 4634
     0 | D:1      | 0 ||| qw: Melee chars always use a shield: true
     0 | D:1      | 0 ||| qw: God list: Okawaru
     0 | D:1      | 0 ||| qw: Allow faded altars: false
     0 | D:1      | 0 ||| qw: Do Orc after clearing Dungeon:15 true
     0 | D:1      | 0 ||| qw: Do second Lair branch before Depths: true
     0 | D:1      | 0 ||| qw: Lair rune preference: random
     0 | D:1      | 0 ||| qw: Goals: Normal
     0 | D:1      | 0 ||| PLANNING D:1-11
    87 | D:1      | Reached skill level 3 in Dodging
   262 | D:1      | Reached XP level 2. HP: 14/14 MP: 3/3
   329 | D:1      | Noticed a golden eye
   332 | D:1      | Found a faded altar of an unknown god.
   334 | D:1      | Noticed a glass eye
   334 | D:1      | Noticed a great orb of eyes
   334 | D:1      | Noticed a shining eye
   672 | D:1      | 672 ||| READING 5 scrolls labelled VAJIVAN JIXAPE.
   673 | D:1      | 673 ||| READING scroll labelled KONOGGE QIERU.
   673 | D:1      | 673 ||| BRANDING +0 shortbow.
   674 | D:1      | 674 ||| READING scroll labelled JEIFET TOWNIA.
   675 | D:1      | 675 ||| DROPPING scroll of butterflies.
   676 | D:1      | 676 ||| DROPPING 4 scrolls of immolation.
   893 | D:2      | Reached XP level 3. HP: 18/18 MP: 4/4
  1085 | D:2      | Found Jiodeah's Assorted Antiques.
  1092 | D:2      | 1092 ||| BUYING fizzy amethyst potion (18 gold).
  1092 | D:2      | Bought a fizzy amethyst potion for 18 gold pieces
  1092 | D:2      | 1092 ||| BUYING grey potion (18 gold).
  1092 | D:2      | Bought a grey potion for 18 gold pieces
  1273 | D:2      | 1273 ||| READING scroll of identify.
  1273 | D:2      | 1273 ||| IDENTIFYING lumpy brown potion
  1274 | D:2      | 1274 ||| READING scroll labelled FISIUX IZYLIV.
  1274 | D:2      | 1274 ||| ENCHANTING +0 shortbow of freezing.
  1275 | D:2      | 1275 ||| DROPPING potion of lignification.
  1363 | D:3      | Reached XP level 4. HP: 22/22 MP: 5/5
  1538 | D:3      | Found Zomy's Magic Scroll Boutique.
  1545 | D:3      | 1545 ||| SHOPLISTING scroll of enchant weapon (90 gold,
                  | have 68).
  1545 | D:3      | 1545 ||| BUYING scroll of identify (24 gold).
  1545 | D:3      | Bought a scroll of identify for 24 gold pieces
  1579 | D:3      | Reached XP level 5. HP: 26/26 MP: 6/6
  1902 | D:3      | 1902 ||| FLEEEEING.
  1903 | D:3      | 1903 ||| FLEEEEING.
  1905 | D:3      | 1905 ||| FLEEEEING.
  1907 | D:3      | 1907 ||| FLEEEEING.
  1908 | D:3      | 1908 ||| FLEEEEING.
  2164 | D:3      | 2164 ||| UPGRADING to +0 cloak.
  2169 | D:3      | 2169 ||| UPGRADING to +4 ring of protection.
  2170 | D:3      | 2170 ||| READING 2 scrolls of identify.
  2170 | D:3      | 2170 ||| IDENTIFYING orange potion
  2171 | D:3      | 2171 ||| READING scroll of identify.
  2171 | D:3      | 2171 ||| IDENTIFYING fizzy amethyst potion
  2172 | D:3      | 2172 ||| READING scroll labelled OSUKAE LI SEO.
  2173 | D:3      | 2173 ||| DRINKING 2 silvery potions.
  2175 | D:3      | 2175 ||| Stepping ~*~*~tactically~*~*~ (cloud).
  2176 | D:3      | 2176 ||| DRINKING potion of curing.
  2176 | D:3      | 2176 ||| (to cure poison)
  2178 | D:3      | 2178 ||| Stepping ~*~*~tactically~*~*~ (cloud).
  2187 | D:3      | HP: 6/26 [poisoned by you (poison gas)]
  2304 | D:4      | 2304 ||| STAIRDANCE
  2309 | D:4      | 2309 ||| STAIRDANCE
  2314 | D:4      | 2314 ||| STAIRDANCE
  2378 | D:4      | Found a transporter.
  2381 | D:4      | Found a transporter.
  2563 | D:4      | Reached skill level 6 in Ranged Weapons
  2658 | D:4      | Reached XP level 6. HP: 30/30 MP: 7/7
  2672 | D:4      | Reached skill level 6 in Dodging
  2699 | D:4      | Identified the +6 war axe "Ukkom" {freeze, SInv}
  2958 | D:4      | 2958 ||| UPGRADING to ring of resist corrosion.
  2959 | D:4      | 2959 ||| READING scroll labelled ZIH PAGGOKKOFUUNT.
  2963 | D:4      | 2963 ||| READING scroll labelled TYNATTAEMP.
  2963 | D:4      | Identified a scroll of acquirement
  2963 | D:4      | 2963 ||| ACQUIRING +0 robe of Eternity {Str+3}
  2963 | D:4      | Acquired the +0 robe of Eternity {Str+3}
  2965 | D:4      | 2965 ||| UPGRADING to +0 robe of Eternity {Str+3}.
  2975 | D:4      | 2975 ||| DROPPING +0 robe.
  2986 | D:5      | Entered Level 5 of the Dungeon
  2986 | D:5      | Noticed Grinder
  2992 | D:5      | 2992 ||| STAIRDANCE
  3055 | D:5      | 3055 ||| STAIRDANCE
  3059 | D:4      | HP: 6/30 [burnt (3)]
  3060 | D:4      | HP: 2/30 [burnt (4)]
  3061 | D:4      | Incinerated by a bombardier beetle

Levels and vault maps discovered:
D:1:      psy_arrival_dodecagon, layout_loops_ring,
          hellmonk_ecumenical_altar_watching_god, grunt_decor_junction
D:2:      layout_loops_ring, serial_shops, shop
D:3:      layout_basic, serial_shops, shop
D:4:      gammafunk_wand_slinger, layout_loops_ring
D:5:      layout_cave_pods, mainiacjoe_overflow_cross_hatched, serial_shops,
          shop, minmay_hollow_rounded_squares, uniq_blork_the_orc,
          uniq_eustachio, uniq_grinder

Skill      XL: |  1  2  3  4  5  6 |
---------------+-------------------+-----
Dodging        | 3 4 5 6 |  6.2
Ranged Weapons | 5 6 |  6.7
Fighting       | 2 |  2.2
Stealth        | |  1.5

Action                     |  1- 3 |  4- 6 || total
---------------------------+-------+-------++-------
   Fire: Shortbow          |    61 |   175 ||   236
    Use: Scroll            |     5 |     5 ||    10
         Potion            |       |     2 ||     2
 Armour: Robe              |     3 |    28 ||    31
  Dodge: Dodged            |     7 |    94 ||   101

Table legend:
 A = Non-vault XP
 B = Vault XP
 C = Vault XP percentage of total XP
 D = Non-vault monster count
 E = Vault monster count
 F = Vault count percentage of total count
                 A         B        C        D         E       F
            +---------+---------+-------+---------+---------+-------
      Total |     668 |       0 |   0.0 |      86 |       0 |   0.0
            +---------+---------+-------+---------+---------+-------
        D:1 |      24 |       0 |   0.0 |      14 |       0 |   0.0
        D:2 |      56 |       0 |   0.0 |      12 |       0 |   0.0
        D:3 |     158 |       0 |   0.0 |      34 |       0 |   0.0
        D:4 |     374 |       0 |   0.0 |      24 |       0 |   0.0
        D:5 |      56 |       0 |   0.0 |       2 |       0 |   0.0
            +---------+---------+-------+---------+---------+-------
